Map: Dusk Towers

Players

NEET

  • Race: Zerg Zerg
  • League: Master

KimJongUnFTW - Winner!

  • Race: Terran Terran
  • League: Master

VOD

Have the link to the VOD?

Description

Time

  • Played on: Jan. 27, 2016, 9:38 p.m.
  • Length: 20:26
Show
View Real Time Build Order
Export as new Build Order

NEET Zerg 

Build Orders: Hatch First 

Get SALT Encoding   

  12  0:01  Drone  
  13  0:12  Overlord  
  13  0:17  Drone  
  14  0:30  Drone x2  
  16  0:37  Drone  
  17  0:53  Hatchery  
  17  0:55  Drone  
  17  0:57  Drone  
  18  1:09  Extractor  
  17  1:13  Spawning Pool  
  17  1:16  Drone  
  17  1:18  Drone  
  18  1:28  Drone  
  19  1:39  Overlord  
  19  2:00  Queen  
  22  2:01  Zergling x4  
  22  2:05  Queen  
  22  2:06  Drone  
  26  2:11  Drone  
  26  2:13  Metabolic Boost  
  27  2:17  Drone  
  28  2:24  Drone  
  29  2:32  Drone  
  29  2:36  Queen  
  31  2:50  Hatchery  
  30  2:55  Overlord  
  30  2:56  Drone x3  
  30  2:57  Drone  
  34  3:04  Drone  
  35  3:16  Overlord  
  35  3:17  Drone x2  
  35  3:18  Drone  
  38  3:22  Drone x3  
  38  3:23  Drone  
  42  3:27  Extractor  
  42  3:32  Roach Warren  
  42  3:33  Zergling x2  
  41  3:35  Overlord  
  41  3:42  Queen  
  43  3:49  Drone x3  
  43  3:50  Drone x5  
  51  3:58  Drone  
  51  3:59  Drone  
  51  4:02  Overlord  
  53  4:06  Extractor  
  53  4:07  Queen  
  53  4:09  Zergling x2  
  56  4:10  Zergling x2  
  56  4:19  Overlord  
  56  4:22  Queen  
  58  4:25  Roach  
  58  4:26  Roach x2  
  58  4:30  Spore Crawler  
  63  4:32  Spore Crawler  
  61  4:41  Roach  
  61  4:42  Overlord  
  61  4:43  Drone x3  
  61  4:44  Drone  
  61  4:45  Overlord  
  67  4:46  Drone  
  68  4:55  Evolution Chamber, Drone  
  68  4:57  Evolution Chamber  
  68  4:58  Drone x2  
  69  5:01  Roach  
  69  5:05  Roach x2  
  75  5:14  Roach x4  
  76  5:26  Roach x4  
  76  5:27  Roach  
  81  5:33  Roach  
  81  5:34  Roach x2  
  74  5:39  Roach  
  74  5:40  Roach x2  
  77  5:47  Drone x2  
  79  5:53  Zerg Ground Armor Level 1, Zerg Melee Weapons Level 1  
  79  5:57  Drone x2  
  79  5:58  Drone  
  82  6:11  Lair  
  82  6:14  Overlord  
  82  6:20  Overlord  
  82  6:26  Overlord x2  
  82  6:33  Drone  
  82  6:35  Ravager x2  
  82  6:36  Baneling Nest, Ravager  
  82  6:38  Drone x4  
  82  6:39  Drone x3  
  92  6:40  Queen  
  92  6:43  Overlord  
  92  6:45  Drone x2  
  96  6:48  Pneumatized Carapace  
  96  6:55  Drone x3  
  96  6:56  Drone x3  
  96  6:59  Extractor  
  101  7:02  Extractor x2  
  99  7:09  Hatchery  
  98  7:16  Drone x2  
  100  7:23  Drone x2  
  100  7:24  Drone x6  
  100  7:25  Drone  
  109  7:32  Spire  
  109  7:33  Overseer  
  109  7:34  Zergling x2  
  109  7:35  Zergling x10  
  114  7:49  Zerg Melee Weapons Level 2  
  114  7:50  Zerg Ground Armor Level 2  
  114  7:52  Overlord  
  114  7:54  Drone x3  
  114  7:55  Drone  
  114  7:57  Overlord  
  118  8:05  Centrifical Hooks  
  118  8:10  Spore Crawler  
  117  8:15  Zergling x20  
  127  8:24  Hatchery  
  123  8:27  Zergling x2  
  123  8:28  Zergling x10  
  129  8:36  Baneling x8  
  129  8:46  Zerg Flyer Weapons Level 1  
  129  8:48  Drone  
  130  8:50  Infestation Pit  
  130  8:53  Corruptor x4  
  137  8:57  Zergling x2  
  137  8:58  Zergling x6  
  136  9:06  Zergling x14  
  134  9:11  Zergling x4  
  136  9:23  Zergling x12  
  136  9:25  Zergling x2  
  135  9:33  Zergling x2  
  135  9:34  Zergling x4  
  135  9:35  Zergling x2  
  125  9:42  Zergling x8  
  123  9:48  Zergling x2  
  123  9:49  Zergling x14  
  126  9:57  Zergling x2  
  126  9:58  Zergling x8  
  117  10:03  Zergling x2  
  117  10:04  Zergling x6  
  112  10:08  Zergling x2  
  112  10:09  Zergling x4  
  112  10:13  Baneling  
  112  10:14  Baneling x4  
  112  10:16  Zergling x4  
  112  10:20  Zergling x2  
  112  10:21  Zergling x4  
  102  10:31  Zergling x2  
  102  10:32  Zergling x14  
  106  10:39  Zergling x2  
  106  10:40  Zergling x2  
  106  10:46  Zergling x14  
  104  10:57  Zergling x2  
  104  10:58  Zergling x12  
  104  11:04  Zergling x8  
  108  11:06  Zergling x2  
  102  11:11  Zergling x2  
  102  11:15  Zergling x6  
  104  11:19  Baneling x5  
  104  11:20  Corruptor  
  104  11:21  Corruptor  
  104  11:23  Zergling x2  
  108  11:28  Zergling x8  
  106  11:35  Zergling x2  
  106  11:36  Zergling x18  
  109  11:48  Zergling x2  
  109  11:49  Zergling x10  
  110  11:56  Zergling x10  
  110  11:57  Zergling x6  
  118  12:03  Hive  
  118  12:07  Corruptor  
  118  12:08  Corruptor x4  
  118  12:11  Zergling x10  
  118  12:14  Baneling  
  118  12:15  Baneling x7  
  129  12:17  Zergling x4  
  129  12:20  Overseer  
  131  12:28  Zergling x2  
  131  12:29  Zergling x20  
  142  12:30  Overlord x2  
  142  12:41  Hatchery, Overlord x2  
  141  12:53  Zergling x2  
  141  12:54  Zergling x14  
  147  13:04  Zergling x2  
  147  13:05  Zergling x8  
  130  13:06  Zergling x2  
  130  13:07  Zergling x12  
  130  13:10  Zergling x2  
  118  13:13  Zergling x2  
  118  13:14  Zergling x10  
  118  13:19  Baneling  
  124  13:20  Baneling x8  
  124  13:21  Zergling x2  
  124  13:22  Zergling x8  
  129  13:27  Zergling x2  
  129  13:28  Zergling x8  
  129  13:30  Zergling x2  
  129  13:33  Zergling x2  
  129  13:34  Zergling x2  
  128  13:37  Zergling x2  
  128  13:38  Zergling x2  
  114  13:42  Zergling x2  
  114  13:47  Zergling x14  
  122  13:55  Zerg Melee Weapons Level 3  
  122  13:56  Ultralisk Cavern  
  119  14:06  Zergling x2  
  119  14:07  Zergling x20  
  118  14:10  Zergling x2  
  118  14:11  Zergling x2  
  113  14:19  Zerg Ground Armor Level 3  
  113  14:20  Adrenal Glands  
  113  14:34  Extractor  
  113  14:35  Extractor  
  119  14:45  Ultralisk  
  119  14:46  Ultralisk x2  
  119  14:48  Baneling  
  119  14:49  Baneling x4  
  130  15:02  Ultralisk  
  130  15:04  Chitinous Plating  
  136  15:13  Ultralisk  
  142  15:20  Ultralisk  
  148  15:27  Pathogen Glands  
  148  15:33  Ultralisk  
  149  15:56  Ultralisk x2  
  130  16:05  Zergling x2  
  130  16:06  Zergling x16  
  111  16:32  Ultralisk x3  
  129  16:35  Hatchery  
  129  16:39  Infestor x3  
  134  16:42  Infestor  
  136  16:55  Ultralisk  
  136  17:00  Drone x4  
  143  17:17  Corruptor  
  143  17:20  Ultralisk  
  149  17:41  Ultralisk  
  154  17:57  Ultralisk  
  156  18:17  Viper x3  
  162  18:45  Corruptor  
  162  18:47  Drone  
  162  18:49  Overlord x2  
  162  18:50  Overlord x2  
  162  18:51  Hatchery  
  161  18:55  Extractor  
  161  18:57  Extractor  
  155  19:26  Corruptor x5  
  155  19:27  Corruptor  
  160  19:49  Corruptor  
  160  19:50  Corruptor x3  
  166  20:03  Hatchery  
Show
View Real Time Build Order
Export as new Build Order

KimJongUnFTW Terran - Winner!

Build Orders: Liberator Opening, Reaper Expand, MMM Bio 

Get SALT Encoding   

  12  0:01  SCV  
  13  0:13  SCV  
  14  0:17  Supply Depot  
  14  0:25  SCV  
  15  0:39  SCV  
  15  0:41  Barracks  
  16  0:46  Refinery  
  16  0:51  SCV  
  17  1:03  SCV  
  18  1:15  SCV  
  19  1:29  Orbital Command  
  19  1:30  Reaper  
  20  1:40  Command Center  
  20  1:50  Supply Depot  
  20  1:52  Refinery  
  20  1:56  SCV  
  21  2:02  Barracks Reactor  
  21  2:08  SCV  
  22  2:20  SCV  
  22  2:22  Factory  
  23  2:32  SCV  
  24  2:39  Marine x2  
  26  2:44  SCV  
  27  2:53  Orbital Command  
  27  2:56  SCV  
  28  3:08  Barracks Reactor, SCV  
  28  3:10  Starport  
  29  3:14  Hellion x2  
  33  3:21  SCV  
  33  3:22  Supply Depot  
  33  3:25  SCV  
  35  3:33  SCV  
  36  3:36  Hellion x2  
  36  3:38  Supply Depot, SCV  
  36  3:39  Liberator x2  
  41  3:50  SCV x2  
  43  3:59  Hellion x2  
  43  4:02  SCV  
  54  4:07  SCV, Armory  
  55  4:10  Barracks Tech Lab  
  55  4:16  SCV  
  56  4:25  SCV  
  56  4:28  SCV, Supply Depot  
  56  4:29  Supply Depot, Hellion x2  
  56  4:31  Stimpack  
  62  4:45  Command Center  
  62  4:50  SCV x2, Marine  
  65  4:54  Hellion x2  
  65  4:57  Viking  
  69  5:15  Hellion x2  
  69  5:18  SCV  
  72  5:23  Barracks  
  72  5:26  Barracks  
  68  5:35  SCV x2  
  64  5:37  Hellion x2, Refinery  
  64  5:38  Refinery  
  63  5:50  Engineering Bay  
  63  5:51  Engineering Bay, Marine  
  64  6:00  Orbital Command, Starport Reactor  
  64  6:05  SCV x2  
  66  6:12  Factory Tech Lab  
  66  6:13  Marine x2, Marauder  
  66  6:16  Barracks  
  66  6:17  SCV x2, Barracks  
  72  6:20  Orbital Command  
  72  6:25  Terran Infantry Weapons Level 1  
  72  6:28  Marine x2  
  72  6:29  SCV x2  
  72  6:31  Marine  
  77  6:34  Marine  
  77  6:35  Siege Tank  
  77  6:36  Marauder  
  77  6:38  Supply Depot  
  83  6:41  SCV  
  83  6:42  SCV  
  83  6:43  Supply Depot  
  85  6:51  Marine x3  
  85  6:52  Medivac x2  
  85  6:53  SCV  
  93  6:54  Combat Shields  
  93  6:57  Terran Infantry Armor Level 1  
  93  7:00  SCV  
  94  7:05  Barracks Reactor  
  94  7:06  SCV  
  94  7:07  SCV  
  94  7:08  Barracks Reactor  
  96  7:12  SCV  
  97  7:19  SCV  
  97  7:22  SCV  
  99  7:24  SCV  
  99  7:25  Supply Depot  
  99  7:26  Supply Depot, Hellion x6  
  99  7:28  Missile Turret  
  100  7:31  SCV, Missile Turret  
  100  7:32  Missile Turret  
  100  7:34  SCV  
  100  7:36  SCV  
  103  7:38  Marine x5  
  108  7:46  Siege Tank, Medivac x2  
  108  7:48  Marine x3  
  108  7:49  Marine  
  108  7:50  SCV  
  120  7:53  SCV, Supply Depot  
  120  7:55  Supply Depot, Marine, SCV  
  120  7:56  Supply Depot, Refinery, Marine  
  120  7:57  Refinery  
  124  7:58  Marine  
  125  8:13  Concussive Shells  
  125  8:15  Supply Depot, Marauder, Marine x5  
  125  8:18  Supply Depot  
  132  8:23  Marine  
  129  8:28  Marine x2  
  129  8:29  Thor, Medivac x2  
  129  8:33  Marine x2  
  143  8:41  Marine x3  
  143  8:42  Marine x2  
  143  8:45  Command Center  
  143  8:46  Marine  
  149  8:48  Marine  
  149  8:50  Marine x2  
  152  8:59  Marine x2  
  154  9:05  Marauder, Marine  
  154  9:06  Marine  
  154  9:07  Marine x2  
  154  9:08  Marine x2  
  144  9:12  Siege Tank  
  144  9:17  Marine x2  
  144  9:18  Medivac x2  
  144  9:23  Marine  
  147  9:24  Marine x3  
  147  9:26  Marine  
  147  9:27  Marauder  
  149  9:35  Marine  
  149  9:36  Marine x2  
  145  9:40  Marine  
  145  9:43  Marine x2  
  143  9:48  Marauder  
  143  9:51  Barracks  
  143  9:52  Barracks  
  141  9:53  Barracks  
  141  9:55  Marine x2  
  132  10:00  Marine x3  
  132  10:01  Siege Tank, Medivac x2  
  136  10:09  Marauder  
  136  10:12  Marine x2  
  134  10:14  Marine x3  
  134  10:16  Terran Infantry Weapons Level 2, Terran Infantry Armor Level 2  
  134  10:18  Marine  
  132  10:22  Marine  
  132  10:25  Marine  
  124  10:30  Marine x2  
  124  10:31  Marauder  
  124  10:32  Marine x2  
  124  10:33  Marine  
  125  10:36  Marine  
  125  10:37  Missile Turret, Marine  
  125  10:40  Marine  
  125  10:41  Marine x2  
  124  10:43  Marine  
  124  10:48  Marine x2  
  124  10:49  Siege Tank, Marine  
  130  10:50  Marine x2  
  130  10:52  Planetary Fortress, Marauder  
  130  10:53  Marine  
  131  11:00  Marine  
  125  11:08  Marine x4  
  119  11:12  Marine x2  
  119  11:14  Marine, Marauder  
  119  11:15  Barracks Reactor  
  119  11:17  Barracks Reactor  
  122  11:20  Marine  
  122  11:21  Marine  
  123  11:25  Marine  
  123  11:26  Marine  
  123  11:29  Marine x2  
  123  11:30  Marine  
  113  11:35  Marauder  
  113  11:37  Marine x2  
  113  11:38  Siege Tank, Marine x2  
  120  11:40  SCV  
  120  11:41  SCV  
  120  11:43  Marine  
  123  11:49  Marine x4  
  123  11:50  Medivac x2  
  122  11:54  Marine x2  
  122  11:56  Marine  
  122  12:02  Marine  
  122  12:03  Marine x5  
  122  12:07  Marine x2  
  131  12:11  Marine  
  131  12:12  Marine x3  
  131  12:14  Siege Tank, Marauder  
  140  12:16  Command Center, Barracks Reactor  
  140  12:20  Marine x2  
  140  12:21  Marine x4  
  145  12:24  Marine, Medivac  
  145  12:25  Marine, Medivac  
  145  12:27  Terran Vehicle Weapons Level 1  
  145  12:29  Marine x2  
  152  12:30  Supply Depot, Marine x2  
  152  12:32  Supply Depot  
  152  12:33  Terran Infantry Weapons Level 3, Terran Infantry Armor Level 3  
  152  12:35  Marine  
  156  12:38  Marine x2  
  156  12:41  Marine  
  156  12:42  Marine x4  
  163  12:47  Marine x3  
  163  12:48  Marine x2  
  168  12:53  Marine  
  168  12:56  Marine x2  
  168  12:57  Marine x2  
  173  13:03  Marine x2  
  173  13:04  Marine  
  145  13:07  Marine x4  
  145  13:08  Marine x3  
  145  13:11  Marine  
  128  13:14  Marine x3  
  128  13:15  Marine  
  132  13:21  Marine x3  
  132  13:22  Siege Tank, Medivac  
  132  13:24  Marine x2  
  140  13:30  Marine  
  140  13:31  Marine  
  133  13:36  Marine x2  
  133  13:37  Marine x3  
  133  13:38  Marine x2  
  133  13:39  Marine x2  
  133  13:41  Marine x2  
  131  13:50  Medivac  
  131  13:52  Medivac  
  131  13:53  Marine x2  
  131  13:54  Siege Tank  
  140  14:00  Marine  
  120  14:13  Marine x5  
  120  14:17  Marine x6  
  108  14:18  Marine x4  
  118  14:24  Planetary Fortress  
  118  14:28  Siege Tank, Medivac x2  
  118  14:30  Marine  
  118  14:31  Marine  
  127  14:36  Marine x2, Marauder  
  127  14:37  Marine x3  
  127  14:38  Marine x6  
  136  14:45  Marine  
  140  14:48  Marine x2  
  143  14:54  Marine x3  
  143  14:55  Marine x3  
  143  14:56  Marine x5  
  143  14:57  Marine  
  145  15:03  Marine  
  145  15:05  Command Center  
  145  15:06  Marine x2  
  148  15:12  Marine x3  
  151  15:16  Marine  
  151  15:17  Marine x8  
  151  15:21  Marine  
  160  15:24  Medivac x2, Siege Tank, Marine x2  
  170  15:30  Marine x3  
  170  15:34  Marine  
  170  15:35  Marine x4  
  176  15:43  Marauder, Marine x2  
  176  15:47  Marine x2  
  181  15:50  Marine x2  
  181  15:52  Marine  
  181  15:54  Medivac  
  178  15:58  Supply Depot, Starport  
  178  16:00  Starport  
  178  16:01  Starport  
  158  16:05  Marauder  
  129  16:15  Liberator x2  
  129  16:16  Marine  
  120  16:19  Marine  
  120  16:20  Marine x10  
  130  16:27  Liberator x2  
  130  16:28  Liberator  
  130  16:32  Thor  
  139  16:34  Missile Turret  
  139  16:35  Missile Turret x2  
  139  16:37  Sensor Tower  
  151  16:50  Fusion Core, Marine x2  
  151  16:53  Planetary Fortress  
  153  16:58  Liberator x2  
  153  17:00  Marine x2  
  155  17:04  Marine x2  
  155  17:05  Marine x2  
  158  17:10  Liberator x2, Terran Ship Weapons Level 1  
  148  17:19  Marine x2  
  148  17:22  Barracks Tech Lab  
  161  17:34  Marine  
  161  17:35  Marine x9  
  171  17:41  Liberator x2  
  171  17:43  Starport Tech Lab  
  165  17:45  Marine x2  
  167  17:53  Liberator  
  167  17:55  Marine  
  167  17:56  Marine x5  
  174  18:01  Missile Turret  
  174  18:02  Missile Turret x2  
  174  18:03  Missile Turret  
  180  18:15  Marine  
  180  18:16  Marine x2, Marauder  
  185  18:23  Marine, Liberator  
  185  18:24  Marine, Liberator x2  
  186  18:28  Marine x2  
  186  18:29  Marine  
  186  18:33  Medivac  
  183  18:37  Marauder  
  183  18:38  Marine x2  
  191  18:43  Advanced Ballistics  
  191  18:47  Command Center  
  192  18:49  Liberator  
  188  18:57  Marine x2  
  188  18:59  Marauder  
  192  19:03  Marine  
  192  19:04  Marine x8  
  194  19:16  Marine  
  181  19:59  Marine x3  
  183  20:00  Marine x2  
  183  20:04  Marine  
Tags
 
Add a new tag
Caveats
  • Supply blocks, unpowered buildings, or Contaminate may cause inaccurate times.
  • Supply counts are checked every 10 seconds.